 Dungeon Crawl Stone Soup version 0.31.0-12-g77e489cdc1 (webtiles) character file.

Game seed: 11754221812027414059

79 hawla the Shield-Bearer (level 4, -19/39 HPs)
             Began as a Minotaur Fighter on Feb 18, 2024.
             Demolished by an ogre
             ... wielding a +0 giant club
              (31 damage)
             ... on level 2 of the Dungeon.
             The game lasted 00:02:39 (1306 turns).

hawla the Shield-Bearer (Minotaur Fighter)          Turns: 1306, Time: 00:02:40

Health: -19/39     AC:  8    Str: 20    XL:     4   Next: 16%
Magic:  3/3        EV:  9    Int:  5    God:
Gold:   134        SH:  5    Dex: 12    Spells: 3/3 levels left

rFire   . . .        a - +0 long sword
rCold   . . .        c - +0 buckler
rNeg    . . .        b - +0 scale mail
rPois   .            (helmet restricted)
rElec   .            f - +0 cloak
rCorr   .            (no gloves)
SInv    +            (no boots)
Will    .....        e - amulet of faith Stlth
                     n - ring of see invisible
HPRegen 0.26/turn    (no ring)
MPRegen 0.08/turn

%: faith
@: no status effects
A: horns 2, retaliatory headbutt
a: no special abilities


You were on level 2 of the Dungeon.
You visited 1 branch of the dungeon, and saw 3 of its levels.

You collected 134 gold pieces.

Inventory:

Hand Weapons
 a - a +0 long sword (weapon)
Missiles
 h - 4 poisoned darts (quivered)
Armour
 b - a +0 scale mail (worn)
 c - a +0 buckler (worn)
 f - a +0 cloak (worn)
Jewellery
 e - an amulet of faith (around neck)
 n - a ring of see invisible (left hand)
Scrolls
 i - a scroll of vulnerability
Potions
 d - a potion of might
 g - 3 potions of curing {unknown}
 j - 2 potions of heal wounds {unknown}
 k - 2 potions of enlightenment {unknown}
 l - a potion of lignification {unknown}
 m - a potion of degeneration {unknown}


   Skills:
 - Level 3.6 Fighting
 - Level 2.4 Long Blades
 + Level 2.6 Throwing
 - Level 3.6 Armour
 - Level 5.0 Shields


You had 3 spell levels left.
You didn't know any spells.
Your spell library was empty.

Dungeon Overview and Level Annotations

Branches:
Dungeon (3/15)

Altars:

Shops:
D:3 (

Annotations:
D:3 Sigmund


Innate Abilities, Weirdness & Mutations

You have a pair of horns on your head.
You reflexively headbutt those who attack you in melee.


Message History

Unknown command.
You climb upwards.
There is a stone staircase leading down here.
You see here a scroll of amnesia.
There is a stone staircase leading down here.
You climb downwards.
Level annotation: Sigmund
There is a stone staircase leading up here.
Found 9 gold pieces.
You hit the kobold.
You kill the kobold!
No target in view!
You see here a +0 dagger.
An ogre comes into view. It is wielding a +0 giant club.
Found 4 stones and a book of the Tundra.
The ogre shouts!
You hear an angry hiss.
A frilled lizard comes into view.
You hear a shout!
There are monsters nearby!
The ogre hits you with a +0 giant club!
A kobold comes into view. It is wielding a +0 club.
You hit the ogre. Your headbutt misses the ogre.
The ogre is moderately wounded.
The ogre hits you with a +0 giant club!
* * * LOW HITPOINT WARNING * * *
The frilled lizard barely misses you.
You are too injured to fight recklessly!
Okay, then.
You see here a +0 dagger.
There is a stone staircase leading up here.
The ogre barely misses you. You furiously retaliate!
You headbutt the ogre.
You climb upwards.
There is a stone staircase leading down here.
You hit the ogre.
The ogre is moderately wounded.
You hit the ogre but do no damage.
The ogre is moderately wounded.
The ogre hits you with a +0 giant club!!
Ouch! That really hurt!
You die...

#.....##.#....)......#
#........#.#..##.###.#
#.....##.#.........#.#
#.....##.#...#.#...#.#
#####
########.##....#####>#
#...# #.....##....#.#
#...##########
#####....##.#.#
##............####
#######.#.#
...............O@#
#.......#.#
##...(........##.#
#.#######.#
#............##.#####.#
####.#
#.^..........##.......#
#....#
#.....<......##.#######
#.#####
#...###########.#
#.#...# ##### #.[.#
#.#.#.# ########.###
#.#.#.. #.....)...#
#...###


You could see an ogre.

Vanquished Creatures
  A hound (D:2)
  An adder (D:2)
  A dart slug (D:1)
  A ribbon worm (D:2)
  A ball python (D:1)
  2 bats (D:1)
  An endoplasm (D:1)
  A giant cockroach (D:1)
  6 goblins
  5 hobgoblins
  7 kobolds
  A quokka (D:1)
  A frilled lizard (D:3)
  4 rats
33 creatures vanquished.

Notes
Turn   | Place    | Note
-------+----------+-------------------------------------------
     0 | D:1      | hawla the Minotaur Fighter began the quest for the Orb.
     0 | D:1      | Reached XP level 1. HP: 19/19 MP: 0/0
    28 | D:1      | Reached skill level 4 in Shields
    68 | D:1      | Reached XP level 2. HP: 26/26 MP: 1/1
   326 | D:1      | Reached skill level 5 in Shields
   383 | D:1      | Reached XP level 3. HP: 30/31 MP: 2/2
   560 | D:2      | Reached skill level 1 in Throwing
   819 | D:2      | Reached XP level 4. HP: 16/39 MP: 3/3
  1201 | D:3      | Found Tuplek's Antique Weapon Shop.
  1204 | D:3      | Noticed Sigmund
  1297 | D:3      | Noticed an ogre
  1306 | D:2      | Demolished by an ogre

Illustrated notes

Levels and vault maps discovered:
D:1:      dpeg_arrival_simpleton_c, layout_basic
D:2:      layout_basic
D:3:      layout_loops_ring, serial_shops, nicolae_shop_tiny_statue_garden,
          shapermc_ecumenical_altar_ellora, uniq_natasha, uniq_sigmund,
          uniq_grinder

Skill      XL: |  1  2  3 |
---------------+----------+-----
Shields        | 4 5 |  5.0
Throwing       | 2 |  2.6
Fighting       | |  3.6
Long Blades    | |  2.4
Armour         | |  3.6

Action                     |  1- 3 |  4- 6 || total
---------------------------+-------+-------++-------
  Melee: Long sword        |    78 |    13 ||    91
         Headbutt          |     7 |       ||     7
    Use: Scroll            |     2 |       ||     2
 Armour: Scale mail        |    77 |     5 ||    82
  Dodge: Dodged            |    46 |     4 ||    50
  Block: Buckler           |    31 |     5 ||    36
